 Dungeon Crawl Stone Soup version 0.28.0 (webtiles) character file.

Game seed: 14728106489169118392

885131 iguanaiguana the Ninja (level 27, -3/192 HPs)
             Began as an Octopode Summoner on Feb 4, 2022.
             Was an Initiate of Gozag.
             Killed from afar by a black draconian (26 damage)
             ... with a bolt of lightning
             ... summoned by an orange crystal statue
             ... on level 13 of a ziggurat on Feb 6, 2022.
             The game lasted 11:29:51 (144888 turns).

iguanaiguana the Ninja (Octopode Summoner)        Turns: 144888, Time: 11:29:52

Health: -3/192     AC: 10    Str: 11    XL:     27
Magic:  46/57      EV: 22    Int: 51    God:    Gozag
Gold:   15482      SH: 19    Dex: 19    Spells: 1/60 levels left

rFire   + + .      SeeInvis +   u - +18 lance "Wyrmbane" {slay drac, rPois rF+ rC+ AC+3}
rCold   + . .      Faith    .   d - +5 kite shield {rF+}
rNeg    . . .      Spirit   .   H - +2 hat {SInv}
rPois   +          Reflect  .   U - amulet of Rofesmo {RegenMP Rampage rPois}
rElec   .          Harm     .   K - ring "Dejager" {Wiz Int+3}
rCorr   +          Rampage  +   c - +6 ring of intelligence
Will    ++...      Rnd*Tele +   l - ring of magical power Stlth **++++++++
                                z - +6 ring of intelligence
HPRegen 0.42/turn               D - +4 ring of protection
MPRegen 0.75/turn               m - ring of magical power
                                Z - ring "Kuure" {rCorr Str+3 Dex+6 Stlth+}
                                Y - +6 ring of intelligence

@: brilliant, studying 2 skills, unable to read
A: almost no armour, amphibious, 8 rings, camouflage 1, gelatinous body 1,
(nimble swimmer 1), tentacles, tentacle spike 1, low MP 1, teleportitis 1,
inability to read while threatened
}: 8/15 runes: serpentine, barnacled, slimy, silver, abyssal, demonic, glowing,
fiery
a: Renounce Religion, Potion Petition, Call Merchant, Bribe Branch


You were on level 13 of a ziggurat.
You worshipped Gozag.
Gozag was extremely pleased with you.
You visited 13 branches of the dungeon, and saw 58 of its levels.
You visited Pandemonium 5 times, and saw 13 of its levels.
You visited the Abyss 9 times.
You visited 1 ziggurat, and saw 13 of its levels.
You also visited: Wizlab.

You collected 45816 gold pieces.
You spent 8817 gold pieces at shops.
You paid 21517 gold pieces to Gozag.

Inventory:

Hand Weapons
 u - the +18 lance "Wyrmbane" (weapon) {slay drac, rPois rF+ rC+ AC+3}
   (You bought it in a shop on level 4 of the Vaults)

   It inflicts extra damage against dragons and draconians.
   AC:        It affects your AC (+3).
   rF:        It protects you from fire.
   rC:        It protects you from cold.
   rPois:     It protects you from poison.
Armour
 d - a +5 kite shield of fire resistance (worn)
 B - a +1 tower shield of reflection
 H - a +2 hat of see invisible (worn)
Jewellery
 c - a +6 ring of intelligence (right tentacle)
 e - the ring of Tempters {EV+4 Str-5 Dex+6}
   (You found it on level 11 of a ziggurat)

   [ring of evasion]

   EV:        It affects your evasion (+4).
   Str:       It affects your strength (-5).
   Dex:       It affects your dexterity (+6).
 g - a ring of flight
 l - a ring of magical power (on tentacle)
 m - a ring of magical power (on tentacle)
 n - the ring "Gonix" {rC+ rN+}
   (You found it on level 3 of the Crypt)

   [ring of positive energy]

   rC:        It protects you from cold.
   rN:        It protects you from negative energy.
 o - the ring of the Magpie {Fire rN++ Will+ Str-4}
   (You bought it in a shop on level 1 of the Depths)

   [ring of fire]

   It enhances your fire magic.
   Str:       It affects your strength (-4).
   rF:        It protects you from fire.
   rC:        It makes you vulnerable to cold.
   rN:        It greatly protects you from negative energy.
   Will:      It increases your willpower.
 s - a ring of willpower
 z - a +6 ring of intelligence (on tentacle)
 D - a +4 ring of protection (on tentacle)
 K - the ring "Dejager" (left tentacle) {Wiz Int+3}
   (You found it in Pandemonium)

   [ring of wizardry]

   It improves your spell success rate.
   Int:       It affects your intelligence (+3).
 U - the amulet of Rofesmo (around mantle) {RegenMP Rampage rPois}
   (You bought it in a shop on level 1 of the Lair of Beasts)

   [amulet of magic regeneration]

   It increases your rate of magic regeneration.
   rPois:     It protects you from poison.
   Rampage:   It bestows one free step when moving towards enemies.
 Y - a +6 ring of intelligence (on tentacle)
 Z - the ring "Kuure" (on tentacle) {rCorr Str+3 Dex+6 Stlth+}
   (You found it on level 5 of the Pits of Slime)

   [ring of dexterity]

   Str:       It affects your strength (+3).
   Dex:       It affects your dexterity (+6).
   rCorr:     It protects you from acid and corrosion.
   Stlth:     It makes you more stealthy.
Wands
 w - a wand of digging (34) {@v3}
 A - a wand of iceblast (47) {@v2}
 J - a wand of acid (17) {@v1}
Scrolls
 j - 2 scrolls of magic mapping {@r5}
 r - 6 scrolls of fog
 x - 2 scrolls of enchant armour
 y - 10 scrolls of fear
 C - 17 scrolls of immolation
 F - 8 scrolls of blinking {@r4}
 G - 13 scrolls of teleportation {@r3}
 I - 4 scrolls of silence
 M - 8 scrolls of holy word
 Q - a scroll of summoning
Potions
 a - 2 potions of cancellation
 b - 2 potions of invisibility
 f - 10 potions of brilliance
 h - 6 potions of ambrosia
 i - a potion of magic
 q - 15 potions of might {@q3}
 v - a potion of flight
 L - 4 potions of haste {@q4}
 N - 4 potions of berserk rage
 O - 7 potions of resistance {@q5}
 P - 18 potions of curing {@q1}
 X - 9 potions of heal wounds {@q2}
Miscellaneous
 k - a lightning rod (4/4)
 p - a box of beasts
 t - a phantom mirror
 T - a phial of floods
 V - a condenser vane


   Skills:
 - Level 17.0 Fighting
 - Level 2.0(2.9) Short Blades
 - Level 3.2(3.5) Long Blades
 - Level 12.3 Polearms
 - Level 15.0 Dodging
 O Level 27 Stealth
 - Level 15.0 Shields
 - Level 17.0 Spellcasting
 - Level 22.0 Conjurations
 - Level 2.0 Hexes
 - Level 26.1 Summonings
 - Level 1.0 Necromancy
 - Level 12.0 Translocations
 - Level 11.0 Transmutations
 + Level 17.5 Fire Magic
 - Level 7.0 Air Magic
 - Level 15.0 Earth Magic
 - Level 2.0 Poison Magic
 - Level 8.0 Evocations


You had one spell level left.
You knew the following spells:

 Your Spells              Type           Power      Damage    Failure   Level
a - Summon Horrible Thin  Summ           84%        N/A       1%          8
b - Lehudib's Crystal Sp  Conj/Erth      74%        10d17     1%          8
c - Statue Form           Tmut/Erth      88%        N/A       1%          6
d - Spellforged Servitor  Conj/Summ      81%        N/A       1%          7
e - Malign Gateway        Summ/Tloc      75%        N/A       1%          7
f - Ignition              Fire           73%        3d19      1%          8
g - Dragon's Call         Summ           84%        N/A       1%          9
h - Blink                 Tloc           100%       N/A       0%          2
i - Apportation           Tloc           100%       N/A       0%          1
j - Swiftness             Air            100%       N/A       1%          3

Your spell library contained the following spells:

 Spells                   Type           Power      Damage    Failure   Level
 Foxfire                  Conj/Fire      100%       2x1d9     0%          1
 Magic Dart               Conj           100%       1d8       0%          1
 Shock                    Conj/Air       100%       1d9       0%          1
 Summon Small Mammal      Summ           100%       N/A       0%          1
 Animate Skeleton         Necr           100%       N/A       1%          1
 Freeze                   Ice            100%       1d11      1%          1
 Pain                     Necr           100%       1d9       1%          1
 Sting                    Tmut/Pois      100%       1d8       1%          1
 Call Imp                 Summ           100%       N/A       0%          2
 Scorch                   Fire           100%       2d10      0%          2
 Searing Ray              Conj           100%       2d8       0%          2
 Static Discharge         Conj/Air       100%       N/A       0%          2
 Wereblood                Tmut           100%       N/A       0%          2
 Call Canine Familiar     Summ           100%       N/A       0%          3
 Conjure Flame            Conj/Fire      100%       6-21      0%          3
 Dazzling Flash           Conj/Hex       100%       N/A       0%          3
 Gell's Gravitas          Tloc           100%       N/A       0%          3
 Lesser Beckoning         Tloc           100%       N/A       0%          3
 Stone Arrow              Conj/Erth      100%       3d13      0%          3
 Summon Guardian Golem    Hex/Summ       100%       N/A       0%          3
 Teleport Other           Tloc           100%       N/A       0%          3
 Flame Wave               Conj/Fire      100%       2d17      0%          4
 Iskenderun's Mystic Bla  Conj/Tloc      100%       2d19      0%          4
 Sticky Flame             Conj/Fire      100%       2d11      0%          4
 Summon Lightning Spire   Summ/Air       100%       N/A       0%          4
 Fireball                 Conj/Fire      76%        3d28      0%          5
 Irradiate                Conj/Tmut      71%        3d37      0%          5
 Iskenderun's Battlesphe  Conj           100%       2d15      0%          5
 Summon Forest            Summ/Tloc      75%        N/A       0%          5
 Summon Cactus Giant      Summ           84%        N/A       0%          6
 Corpse Rot               Necr/Air       100%       N/A       1%          2
 Sublimation of Blood     Necr           69%        N/A       1%          2
 Confusing Touch          Hex            77%        N/A       1%          3
 Frozen Ramparts          Ice            100%       1d12      1%          3
 Ignite Poison            Fire/Tmut/Pois 100%       N/A       1%          3
 Inner Flame              Hex/Fire       100%       N/A       1%          3
 Mephitic Cloud           Conj/Pois/Air  100%       N/A       1%          3
 Portal Projectile        Hex/Tloc       100%       N/A       1%          3
 Spider Form              Tmut/Pois      100%       N/A       1%          3
 Tukima's Dance           Hex            77%        N/A       1%          3
 Vampiric Draining        Necr           69%        2d10      1%          3
 Airstrike                Air            53%        N/A       1%          4
 Animate Dead             Necr           34%        N/A       1%          4
 Cause Fear               Hex            38%        N/A       1%          4
 Dispel Undead            Necr           69%        3d23      1%          4
 Fulminant Prism          Conj/Hex       64%        3d27      1%          4
 Hailstorm                Conj/Ice       100%       3d20      1%          4
 Ice Form                 Ice/Tmut       99%        N/A       1%          4
 Leda's Liquefaction      Hex/Erth       57%        N/A       1%          4
 Olgreb's Toxic Radiance  Pois           77%        N/A       1%          4
 Passage of Golubria      Tloc           100%       N/A       1%          4
 Petrify                  Tmut/Erth      100%       N/A       1%          4
 Summon Ice Beast         Ice/Summ       100%       N/A       1%          4
 Alistair's Intoxication  Tmut/Pois      70%        N/A       1%          5
 Blade Hands              Tmut           62%        N/A       1%          5
 Borgnjor's Vile Clutch   Necr/Erth      56%        N/A       1%          5
 Freezing Cloud           Conj/Ice/Air   59%        6-21      1%          5
 Lee's Rapid Deconstruct  Erth           69%        3d32*     1%          5
 Lightning Bolt           Conj/Air       68%        1d93      1%          5
 Manifold Assault         Tloc           100%       N/A       1%          5
 Silence                  Hex/Air        46%        N/A       1%          5
 Yara's Violent Unravell  Hex/Tmut       52%        3d20      1%          5
 Conjure Ball Lightning   Conj/Air       68%        3x3d25    1%          6
 Dispersal                Tloc           64%        N/A       1%          6
 Iron Shot                Conj/Erth      74%        9d14      1%          6
 Starburst                Conj/Fire      76%        6d20      1%          6
 Haunt                    Necr/Summ      67%        N/A       1%          7
 Orb of Destruction       Conj           79%        9d18      1%          7
 Dragon Form              Tmut           62%        N/A       2%          7
 Eringya's Noxious Bog    Tmut/Pois      52%        N/A       3%          6
 Agony                    Necr           69%        N/A       5%          5
 Excruciating Wounds      Necr           34%        N/A       5%          5
 Storm Form               Tmut/Air       58%        N/A       6%          7
 Fire Storm               Conj/Fire      76%        8d19      9%          9
 Disjunction              Tloc           64%        N/A       13%         8
 Simulacrum               Ice/Necr       32%        N/A       32%         6
 Shatter                  Erth           69%        3d51*     50%         9
 Chain Lightning          Conj/Air       68%        3d91      56%         9
 Enfeeble                 Hex            38%        N/A       67%         7
 Maxwell's Capacitive Co  Air            53%        ∞         67%         8
 Ozocubu's Refrigeration  Ice            30%        4d11      90%         7
 Discord                  Hex            38%        N/A       100%        8
 Infestation              Necr           34%        N/A       100%        8
 Animate Armour           Summ/Erth      Unusable   N/A       N/A         4

Dungeon Overview and Level Annotations

Branches:
Dungeon (15/15)            Temple (1/1) D:6            Lair (6/6) D:11
 Shoals (4/4) Lair:3        Snake (4/4) Lair:4        Slime (5/5) Lair:5
    Orc (2/2) D:10            Elf (3/3) Orc:2        Vaults (5/5) D:13
  Crypt (3/3) Vaults:3       Tomb (0/3) Crypt:3      Depths (4/4) D:15
   Hell (visited)             Zot (5/5) Depths:4     WizLab (visited)
    Dis: Hell:1         Geh: Hell:1         Coc: Hell:1         Tar: Hell:1

Altars:
Ashenzari
Cheibriados
Dithmenos
Elyvilon
Fedhas
Gozag
Hepliaklqana
Kikubaaqudgha
Makhleb
Nemelex Xobeh
Okawaru
Qazlal
Ru
Sif Muna
Trog
Uskayaw
Vehumet
Wu Jian
Xom
Yredelemnul
Zin
The Shining One
Beogh
Jiyva

Shops:
D:3 ([   Orc:2 *:*[   Elf:1 *   Elf:2 :   Lair:1 ?*=   Lair:3 :   Shoals:1 [(**
Shoals:3 *   Snake:4 [   Vaults:1 (   Vaults:2 [   Vaults:4 (((   Depths:1 =:=
Depths:3 =

Portals:
Hell: Depths:1 Depths:2 Depths:3 Depths:4
Abyss: Depths:3
Pandemonium: Depths:2 Depths:3

Annotations:
D:4 exclusion: downstairs
D:6 exclusion: downstairs
D:7 exclusion: downstairs
D:10 exclusion: 2 downstairs
D:14 exclusion: downstairs
Lair:4 exclusion: downstairs
Lair:5 exclusion: downstairs
Snake:3 exclusion: downstairs
Orc:1 exclusion: 3 doors
Orc:2 3 runed translucent doors, Jeffwins's ghost, journeyman OgMo
Zig:13 exclusion: orange crystal statue


Innate Abilities, Weirdness & Mutations

You cannot wear most types of armour.
You are amphibious.
You can wear up to eight rings at the same time.
Your skin changes colour to match your surroundings (Stealth+).
Your rubbery body absorbs attacks. (AC +1, EV +1)
((You are camouflaged when in or above water. (Stealth+)))
You have tentacles for arms and can constrict up to eight enemies at once.
One of your tentacles bears a spike.
Your magical capacity is low. (-10% MP)
You are occasionally teleported next to monsters.
You sometimes lose the ability to read scrolls when taking damage.


Message History

You're too confused to cast spells.
You feel better. You block the black draconian's attack.
You block the white draconian stormcaller's attack.
The rime drake bites you but does no damage.
The green draconian closely misses you.
The green draconian tail-slaps you but does no damage.
The red draconian scorcher hits you with a +0 short sword.
* * * LOW HITPOINT WARNING * * *
The swamp drake breathes poison at you.
The noxious blast misses you. [a] - 483 gold - heal wounds, curing, magic and berserk rage [b] - 300 gold - brilliance and magic [c] - 528 gold - heal wounds, berserk rage, resistance and might Purchase which effect?
You feel clever all of a sudden. Magic courses through your body.
You block the black draconian's attack.
The white draconian stormcaller is engulfed in noxious fumes.
The white draconian stormcaller breathes frost at you.
The blast of cold hits you! You resist.
* * * LOW HITPOINT WARNING * * *
The rime drake is engulfed in noxious fumes.
The rime drake bites you but does no damage.
The orange crystal statue fixes its piercing gaze on you.
You feel your power leaking away.
The green draconian breathes poison at you.
The blast of poison misses you.
The red draconian scorcher is engulfed in noxious fumes.
You block the red draconian scorcher's attack.
The swamp drake bites you but does no damage.
Casting: Ignition (dangerous; 1% risk of failure)
Confirm with . or Enter, or press ? or * to list all spells.
Okay, then.
Casting: Ignition (dangerous; 1% risk of failure)
Confirm with . or Enter, or press ? or * to list all spells.
You feel a surge of power!
You blink.
The ice encasing you melts away.
The black draconian breathes lightning at you.
The bolt of lightning hits you!!
You die...
Your body crumbles into a pile of gold.

▓▓▓.........▓
▓▓.............▓
▓▓...............
▓▓................
▓......°kq........
▓▓......°°qd....8..
▓.......°dk...........▓
▓.....................▓
▓.......[.$@$......[}|▓
▓▓......)).$$$.....))∩)▓▓
▓..∩......$$$......}!>))▓
▓▓........$.$$......=∩)▓
▓..................:!)▓
▓.....................▓
▓.....................▓
▓▓...................▓▓
▓...................▓


You could see a black draconian (summoned, catching breath), a green draconian
(summoned, catching breath), a white draconian stormcaller (summoned, very
poisoned), a red draconian scorcher (summoned), an orange crystal statue, a rime
drake (summoned, catching breath) and a swamp drake (summoned, catching breath).

Vanquished Creatures
  Cerebov (Pan)
  the Royal Jelly (Slime:5)
  2 dread liches
  Boris (Vaults:3)
  2 Killer Klowns (Zot:5)
  7 golden dragons
  2 profane servitors
  2 bone dragons
  A shard shrike zombie (Crypt:3)
  3 Tzitzimimeh (Pan)
  An electric golem (Zot:5)
  A Brimstone Fiend (Pan)
  A hellephant (Zig:9)
  13 tentacled monstrosities
  5 liches
  9 Orb Guardians (Zot:5)
  A searing wretch (Depths:1)
  A walking earthen tome (Depths:4)
  An Ice Fiend (Pan)
  3 deep elf blademasters
  A walking frostbound tome (Depths:4)
  6 titans
  4 Executioners
  5 deep elf master archers
  5 quicksilver dragons
  2 shard shrike skeletons
  18 acid blobs
  3 sphinxes
  3 death cobs
  Kirke (D:13)
  2 ancient champions (Crypt:2)
  7 tentacled starspawn
  4 tengu reavers
  A thorn hunter (Abyss:3)
  4 draconian monks
  2 revenants
  A nagaraja (Snake:4)
  17 storm dragons
  Ilsuiw (Shoals:2)
  2 shadow dragons (Vaults:5)
  9 fire giants
  2 rockslimes
  4 balrugs
  5 frost giants
  2 iron dragons
  12 azure jellies
  4 draconian knights
  A juggernaut zombie (Crypt:1)
  9 vault wardens
  8 deep elf sorcerers
  A shard shrike simulacrum (Abyss:4)
  7 draconian shifters
  A caustic shrike zombie (Crypt:2)
  6 deep elf elementalists
  A draconian scorcher (Zot:1)
  A spectral caustic shrike (Crypt:2)
  3 curse skulls
  2 demonspawn corrupters
  8 quicksilver oozes
  8 stone giants
  4 draconian annihilators
  4 demonspawn blood saints (Pan)
  8 ghouls (Crypt:3)
  2 draconian stormcallers
  12 ironbound preservers
  6 ironbound thunderhulks
  3 spriggan defenders (Depths:4)
  6 reapers (Pan)
  13 very ugly things
  2 vampire knights
  2 green draconians
  5 demonspawn black suns (Pan)
  11 lorocyprocas
  6 red draconians
  A bunyip (Zig:12)
  7 black draconians
  5 spark wasps
  11 white draconians
  11 purple draconians
  A yellow draconian (Zot:2)
  2 deep elf annihilators
  4 deep elf demonologists
  8 blizzard demons
  A spark wasp (shapeshifter) (Vaults:5)
  4 dire elephants
  7 ettins
  7 green deaths (Pan)
  6 statues (WizLab)
  13 eidola
  2 merfolk javelineers
  5 deep elf death magi
  4 merfolk impalers
  8 fire dragons
  A crystal guardian (Vaults:4)
  9 jiangshi
  6 deep elf high priests
  A quicksilver dragon zombie (Crypt:1)
  23 vault guards
  4 yaktaur captains
  4 ice dragons
  2 spriggan zombies
  9 great orbs of eyes
  3 rakshasas
  5 spriggan air magi
  A peacekeeper (Vaults:1)
  3 naga warriors (Snake:2)
  A juggernaut simulacrum (Depths:1)
  A spriggan skeleton (Abyss:3)
  5 boulder beetles
  4 hell beasts (Crypt:2)
  A salamander tyrant (Snake:4)
  A catoblepas (Shoals:2)
  An ironbound frostheart (Vaults:1)
  2 merfolk avatars
  A death knight (D:13)
  3 satyrs
  4 hydras
  2 centaur warriors
  An alligator (Zig:12)
  A death yak (Shoals:2)
  2 anacondas
  3 two-headed ogres
  An alligator snapping turtle (Shoals:4)
  5 deep troll shamans
  6 deep troll earth magi
  5 hell hogs
  An alligator (shapeshifter) (Vaults:3)
  A tengu warrior (Depths:1)
  16 soul eaters
  An orc high priest (Zig:10)
  7 naga sharpshooters
  2 spriggan berserkers
  7 thrashing horrors
  Sonja (Lair:1)
  4 shock serpents
  14 deep elf knights
  9 vampire magi
  6 iron trolls
  A shock serpent (shapeshifter) (Vaults:5)
  47 sun demons
  4 hell knights
  5 shadow wraiths
  9 sixfirhies
  19 skeletal warriors
  A bunyip zombie (Crypt:2)
  6 nameless horrors
  A salamander mystic (Snake:4)
  9 flayed ghosts
  A spectral anaconda (Crypt:2)
  A goliath frog (Zig:12)
  7 wretched stars
  2 naga ritualists
  37 deep trolls
  An anaconda zombie (Crypt:2)
  A spriggan simulacrum (Abyss:4)
  3 spriggan druids
  A sea snake (shapeshifter) (Vaults:5)
  2 obsidian statues
  7 glowing orange brains
  2 shadow demons (Pan)
  An entropy weaver zombie (Crypt:2)
  2 glowing orange brains (shapeshifter)
  2 swamp dragons (Zig:12)
  A spectral hydra (Crypt:2)
  20 phantasmal warriors
  9 deep elf archers
  A bog body (Zig:12)
  A golden dragon skeleton (Depths:2)
  2 tengu zombies
  2 lindwurms
  7 wizards
  4 necromancers
  27 deep elf pyromancers
  A wolf spider (Lair:5)
  10 ironbound convokers
  21 deep elf zephyrmancers
  2 iron dragon zombies (Depths:1)
  2 orc sorcerers (Abyss:4)
  2 cyclopes
  3 harpies
  12 ugly things
  An orc knight (Vaults:5)
  4 worldbinders
  2 elephants
  2 will-o-the-wisps (Zig:12)
  2 shining eyes (Slime:5)
  A tengu skeleton (Depths:2)
  4 manticores
  6 fauns
  A stone giant zombie (Crypt:2)
  A salamander (Snake:2)
  A salamander (shapeshifter) (Abyss:4)
  A sphinx skeleton (Depths:1)
  A mana viper (Snake:2)
  An elephant (shapeshifter) (Depths:3)
  An orc zombie (Crypt:3)
  2 black mambas (shapeshifter)
  5 merfolk sirens (Shoals:2)
  23 moths of wrath
  6 vault sentinels
  A rust devil (Abyss:3)
  6 naga magi
  35 smoke demons
  An alligator snapping turtle zombie (Crypt:3)
  12 black mambas
  A guardian serpent (Snake:4)
  3 water nymphs
  An apocalypse crab (Abyss:5)
  A dire elephant zombie (Crypt:3)
  An eleionoma skeleton (Crypt:2)
  3 torpor snails (Zig:9)
  A torpor snail (shapeshifter) (Elf:3)
  5 eyes of devastation
  A gargoyle (D:11)
  8 orange demons
  Maggie (D:9)
  4 cane toads
  3 hellions (Pan)
  4 unseen horrors
  9 efreet
  An unseen horror (shapeshifter) (Depths:3)
  3 komodo dragons
  8 demonic crawlers (Pan)
  10 freezing wraiths
  A red draconian skeleton (Crypt:2)
  4 tormentors
  A golden dragon simulacrum (Crypt:2)
  6 tengu conjurers
  4 harpy zombies
  2 spectral nagas (Crypt:2)
  4 hellwings
  A troll (D:13)
  15 yaktaurs
  10 ancient zymes
  A red devil (Pan)
  A death drake zombie (Crypt:2)
  A silent spectre (Abyss:2)
  2 meliai (D:14)
  3 meliai (shapeshifter)
  A troll (shapeshifter) (Depths:3)
  2 bloated husks (Zig:12)
  11 merfolk
  A hornet (Depths:4)
  A polar bear (Zig:9)
  2 tyrant leeches
  2 wind drakes
  A tarantella (Lair:5)
  78 slime creatures
  A sphinx simulacrum (Depths:1)
  2 snapping turtles
  A harpy skeleton (Abyss:3)
  24 raiju
  A hornet (shapeshifter) (Depths:3)
  16 blink frogs
  36 large abominations
  A jumping spider (Lair:5)
  2 fire dragon zombies
  A frost giant simulacrum (Depths:1)
  A raiju (shapeshifter) (Depths:3)
  A spectral black mamba (Crypt:2)
  A fire giant simulacrum (Vaults:4)
  3 dream sheep (Shoals:2)
  An ettin skeleton (Depths:1)
  A culicivora (shapeshifter) (Depths:3)
  A shock serpent simulacrum (Snake:4)
  14 flying skulls
  A centaur simulacrum (Crypt:2)
  A stone giant simulacrum (Depths:1)
  A fire dragon skeleton (Crypt:2)
  4 air elementals
  A jumping spider (shapeshifter) (Depths:3)
  A yak (shapeshifter) (Zig:7)
  10 water elementals
  6 wraiths
  17 yaks
  3 fire bats (Abyss:5)
  3 shadows
  A vampire (D:11)
  16 ynoxinuls
  5 wyverns
  An ushabti (Crypt:3)
  A spriggan (Depths:4)
  A golden eye (shapeshifter) (Depths:3)
  A hog (D:13)
  4 fire elementals
  3 vampire mosquitoes
  A neqoxec (Zig:7)
  9 golden eyes
  A redback (Vaults:2)
  27 chaos spawn
  2 spatial vortices (Abyss:4)
  A naga zombie (Crypt:3)
  9 nagas
  A water moccasin (shapeshifter) (Vaults:5)
  2 acid dragons
  3 hell hounds (Abyss:3)
  5 water moccasins
  A floating eye (Depths:4)
  13 orc warriors
  16 small abominations
  A guardian serpent simulacrum (Snake:4)
  13 necrophages (Crypt:3)
  32 starcursed masses
  5 wolves
  An elephant skeleton (Crypt:2)
  2 centaurs (Zig:11)
  A hog skeleton (Crypt:1)
  A draconian zombie (Crypt:2)
  A kobold brigand (D:6)
  8 bullfrogs
  2 earth elementals
  A glowing shapeshifter simulacrum (Depths:1)
  3 wyvern skeletons (Crypt:3)
  A swamp dragon simulacrum (Abyss:2)
  2 howler monkeys
  5 electric eels
  A raiju skeleton (Crypt:2)
  2 lava snakes (Lair:5)
  8 crimson imps (Pan)
  A centaur skeleton (D:5)
  2 orc priests
  A jelly (Lair:5)
  A quasit (Abyss:3)
  3 iron imps
  Crazy Yiuf (D:5)
  2 iguanas
  2 orc wizards
  A hell rat (Lair:4)
  A mummy (Crypt:3)
  An adder (D:3)
  2 gnolls
  A white imp (Abyss:2)
  4 ufetubi
  12 orcs
  2 ball pythons
  2 bats
  2 endoplasms
  A jackal (D:2)
  2 ball python skeletons (Crypt:1)
  A frilled lizard (D:2)
  2 kobolds
  A rat (D:3)
  A river rat skeleton (Crypt:1)
  A butterfly (Abyss:5)
  2 starspawn tentacles
1686 creatures vanquished.

Vanquished Creatures (collateral kills)
  Mnoleg (Pan)
  A dread lich (Zot:5)
  7 orbs of fire
  A royal mummy (Crypt:3)
  Boris (Depths:1)
  4 Killer Klowns (Zot:5)
  Bai Suzhen (Shoals:3)
  Saint Roka (Depths:4)
  A curse toe (Zot:5)
  Geryon (Hell)
  The ghost of crisisinutopia the Impregnable, an adept MiFi of Okawaru (Vaults:4)
  Nikola (Depths:2)
  8 pandemonium lords (Pan)
  5 golden dragons
  5 bone dragons
  3 Brimstone Fiends (Pan)
  5 Tzitzimimeh (Pan)
  3 electric golems
  3 hellephants
  Jorgrun (Shoals:2)
  6 Ice Fiends (Pan)
  2 Hell Sentinels (Pan)
  7 tentacled monstrosities
  11 titans
  4 liches
  16 Orb Guardians (Zot:5)
  A walking earthen tome (Depths:3)
  2 deep elf blademasters (Elf:3)
  6 searing wretches
  The ghost of Gygal Fez the Peltast, an adept MiFi of Okawaru (Snake:4)
  Asterion (Vaults:2)
  6 quicksilver dragons
  A deep elf master archer (Elf:3)
  Murray (Depths:1)
  Polyphemus (Shoals:2)
  12 acid blobs
  24 tentacled starspawn
  7 eldritch tentacles
  7 death cobs
  3 ancient champions
  3 sphinxes
  6 Executioners (Pan)
  A thorn hunter (Zig:3)
  Agnes (Elf:2)
  6 rockslimes
  11 storm dragons
  A daeva (Abyss:5)
  2 tengu reavers
  4 shadow dragons
  Donald (Vaults:2)
  Roxanne (Shoals:1)
  4 revenants
  8 draconian monks
  2 frost giants
  7 demonspawn warmongers (Pan)
  5 fire giants
  3 nagarajas
  2 deep elf sorcerers
  2 draconian knights
  4 vault wardens
  2 ghost moths
  25 balrugs
  A spectral caustic shrike (Crypt:2)
  A juggernaut zombie (Crypt:3)
  5 draconian scorchers
  A deep elf elementalist (Elf:3)
  6 draconian stormcallers
  6 draconian shifters
  14 cacodemons
  An angel (Pan)
  6 demonspawn corrupters (Pan)
  The ghost of badtown22 the Thaumaturge, a journeyman GnWr of Ashenzari (D:14)
  2 quicksilver oozes
  6 stone giants
  3 green draconians
  2 juggernaut skeletons
  13 reapers (Pan)
  4 draconian annihilators
  10 ironbound preservers
  12 demonspawn blood saints (Pan)
  4 vampire knights
  A ghoul (Crypt:3)
  A stone giant (shapeshifter) (Vaults:5)
  22 very ugly things
  A deep elf demonologist (Elf:3)
  3 war gargoyles (Vaults:4)
  5 ironbound thunderhulks
  2 putrid mouths
  18 dire elephants
  3 demonspawn black suns (Pan)
  7 red draconians
  7 black draconians
  An entropy weaver (Vaults:2)
  3 spark wasps (Depths:4)
  4 deep elf annihilators
  3 yellow draconians
  6 purple draconians
  3 white draconians
  5 lorocyprocas
  A bunyip (Zig:3)
  2 eidola
  14 blizzard demons
  3 statues (WizLab)
  5 ettins
  3 jiangshi
  3 fire dragons
  4 deep elf death magi
  A deep elf high priest (Elf:3)
  12 merfolk impalers
  2 crystal guardians (Vaults:2)
  5 merfolk javelineers
  A spectral spriggan (Crypt:2)
  12 green deaths
  3 vault guards
  7 hydras
  2 salamander tyrants (Snake:4)
  7 great orbs of eyes
  4 rakshasas
  8 yaktaur captains
  Harold (D:9)
  4 ice dragons
  5 naga warriors
  2 ogre magi
  Erolcha (Orc:1)
  3 hell beasts
  3 spriggan zombies
  3 peacekeepers
  3 boulder beetles
  2 anacondas
  3 merfolk aquamancers
  6 centaur warriors
  A two-headed ogre (shapeshifter) (Vaults:4)
  A catoblepas (Zig:9)
  5 death knights
  2 alligators
  7 merfolk avatars
  Erica (Lair:1)
  A deep troll shaman (Depths:4)
  3 hell hogs
  4 two-headed ogres
  15 dancing weapons
  A tengu warrior (D:15)
  A death yak (Shoals:2)
  6 ironbound frosthearts
  5 satyrs
  13 naga sharpshooters
  4 vampire magi
  4 shock serpents
  7 deep troll earth magi
  A spectral salamander (Snake:4)
  19 soul eaters
  4 spriggan berserkers
  A titan zombie (Depths:2)
  A titan skeleton (Crypt:2)
  18 thrashing horrors
  3 deep elf knights (Elf:2)
  14 hell knights
  3 iron trolls
  11 sixfirhies
  A storm dragon zombie (Abyss:1)
  54 sun demons
  6 spatial maelstroms
  A death drake (Abyss:3)
  A spectral anaconda (Snake:4)
  A salamander mystic (Snake:3)
  22 wretched stars
  9 sea snakes
  6 flayed ghosts
  9 skeletal warriors
  A spriggan simulacrum (Abyss:4)
  A death drake (shapeshifter) (D:15)
  3 shadow demons (Pan)
  27 deep trolls
  3 wizards
  2 bog bodies
  4 naga ritualists
  6 glowing orange brains
  A swamp dragon (Zig:12)
  6 deep elf archers
  5 harpies
  10 necromancers
  A harpy (shapeshifter) (Abyss:4)
  2 orange crystal statues (Zig:13)
  7 deep elf zephyrmancers
  3 obsidian statues
  5 orc knights
  5 mana vipers
  A mana viper (shapeshifter) (Depths:3)
  7 ironbound convokers
  11 lindwurms
  A tengu skeleton (Depths:1)
  5 phantasmal warriors
  A wolf spider (shapeshifter) (Vaults:5)
  8 worldbinders
  12 deep elf pyromancers
  A shining eye (Slime:5)
  A frost giant zombie (Depths:2)
  A spectral shock serpent (Snake:4)
  12 manticores
  2 will-o-the-wisps
  A stone giant zombie (Vaults:4)
  28 ugly things
  A shining eye (shapeshifter) (Depths:3)
  8 salamanders
  14 fauns
  2 guardian serpents (Snake:4)
  11 merfolk sirens
  6 moths of wrath
  17 cyclopes
  13 naga magi
  2 apocalypse crabs
  7 elephants
  7 vault sentinels
  A stone giant skeleton (Vaults:4)
  Maurice (D:8)
  31 smoke demons
  6 water nymphs
  18 orange demons
  14 cane toads
  3 centaur zombies
  20 black mambas
  An eye of devastation (Abyss:5)
  A storm dragon simulacrum (Depths:2)
  4 rust devils
  An ice statue (Zig:1)
  5 hellions (Pan)
  A gargoyle (D:12)
  Psyche (D:9)
  2 kobold demonologists
  15 yaktaurs
  16 tengu conjurers
  3 efreet
  6 komodo dragons
  2 freezing wraiths
  6 demonic crawlers (Pan)
  7 tormentors (Pan)
  An ice devil (Pan)
  A rime drake (Lair:5)
  A human zombie (Vaults:4)
  An anaconda simulacrum (Snake:4)
  6 red devils (Pan)
  5 hellwings (Pan)
  An alligator snapping turtle skeleton (Crypt:1)
  25 merfolk
  A spectral harpy (Crypt:2)
  A tyrant leech (Lair:5)
  7 ancient zymes
  A polar bear (Lair:1)
  A harpy skeleton (Abyss:3)
  2 wind drakes (Shoals:4)
  Grinder (D:3)
  6 trolls
  29 blink frogs
  A raiju (shapeshifter) (Depths:3)
  36 slime creatures
  2 spectral nagas
  3 hornets
  4 snapping turtles
  2 dream sheep (Shoals:2)
  An ettin zombie (Crypt:1)
  52 raiju
  A shock serpent simulacrum (Snake:4)
  A spectral black mamba (Snake:4)
  14 water elementals
  2 jumping spiders (Lair:5)
  37 starcursed masses
  6 flying skulls
  2 spriggans (Depths:4)
  2 vampires (Abyss:2)
  A jumping spider (shapeshifter) (Depths:3)
  3 shadows
  An ushabti (Crypt:3)
  9 wraiths
  17 ynoxinuls
  Sigmund (D:2)
  A culicivora (Vaults:2)
  32 yaks
  3 fire elementals
  A wyvern (Lair:5)
  3 naga simulacra (Snake:4)
  A black mamba skeleton (Crypt:1)
  3 hogs (D:13)
  3 basilisks
  A fire bat (Abyss:1)
  12 golden eyes
  23 chaos spawn
  31 neqoxecs
  42 large abominations
  A redback (Vaults:2)
  10 vampire mosquitoes
  A basilisk (shapeshifter) (Depths:3)
  7 wargs
  Edmund (D:5)
  An ogre zombie (Vaults:4)
  14 nagas
  An acid dragon (D:11)
  8 spatial vortices
  9 water moccasins
  A floating eye (shapeshifter) (D:13)
  2 hell hounds (Abyss:3)
  22 orc warriors
  3 black bears
  4 sky beasts
  An ice beast (D:7)
  14 wolves
  6 ogres
  18 centaurs
  A phantom (D:5)
  A kobold brigand (D:11)
  A bullfrog (shapeshifter) (Abyss:5)
  8 bullfrogs
  16 small abominations
  2 scorpions
  3 gnoll sergeants
  A glowing shapeshifter simulacrum (Depths:1)
  An earth elemental (Zig:1)
  A wyvern zombie (D:9)
  A water moccasin zombie (D:5)
  A wyvern skeleton (D:7)
  A water moccasin skeleton (D:5)
  6 killer bees (D:10)
  6 wights
  A howler monkey (D:13)
  A crimson imp (Abyss:4)
  14 jellies
  4 hounds (D:11)
  3 quasits
  A bullfrog skeleton (D:7)
  A centaur skeleton (D:5)
  A gnoll shaman (D:6)
  12 orc priests
  3 iguanas
  2 iron imps
  Terence (D:3)
  Jessica (D:3)
  Ijyb (D:3)
  22 orc wizards
  5 hell rats (Lair:4)
  A killer bee zombie (D:5)
  A howler monkey zombie (D:9)
  14 gnolls
  4 adders
  2 white imps
  An ufetubus (Abyss:2)
  An adder zombie (D:5)
  2 worms
  2 dart slugs
  66 orcs
  6 endoplasms
  A giant cockroach (D:1)
  3 goblins
  6 hobgoblins
  5 jackals
  8 kobolds
  4 quokkas
  4 ball pythons
  5 bats
  5 frilled lizards
  2 rats
  9 briar patches
  2 fire vortices (Pan)
  A lurking horror (Abyss:5)
  20 starspawn tentacles
2171 creatures vanquished.

Vanquished Creatures (others)
  An Executioner (Pan)
  108 eldritch tentacles
  Gastronok (D:12)
  A draconian knight (Zig:13)
  A fire giant (Depths:2)
  3 balrugs (Pan)
  7 cacodemons (Pan)
  A reaper (Pan)
  A demonspawn blood saint (Pan)
  A yellow draconian (Zot:3)
  A black draconian (Zig:13)
  An ettin (Orc:1)
  4 hydras
  2 boulder beetles
  An anaconda (Snake:2)
  A two-headed ogre (D:11)
  A centaur warrior (D:14)
  22 dancing weapons
  A tengu warrior (D:12)
  Urug (Lair:1)
  2 shock serpents (Snake:2)
  2 thrashing horrors
  A deep elf knight (Elf:1)
  2 naga sharpshooters
  7 sun demons (Pan)
  9 sixfirhies (Pan)
  A skeletal warrior (D:13)
  A swamp dragon (Zig:3)
  A deep elf pyromancer (Elf:2)
  A naga ritualist (Snake:2)
  A deep elf archer (Elf:3)
  2 orc knights (Orc:2)
  3 deep elf zephyrmancers
  3 cyclopes
  An ugly thing (D:12)
  A manticore (D:11)
  2 black mambas
  18 orange demons (Pan)
  A demonic crawler (Pan)
  3 komodo dragons (Lair:1)
  A tengu conjurer (WizLab)
  5 efreet (Pan)
  A bloated husk (Zig:3)
  A red devil (Pan)
  A meliai (D:14)
  6 blink frogs
  A vampire (D:11)
  A wyvern (Lair:6)
  6 ynoxinuls (Pan)
  A hog (D:13)
  2 large abominations (Pan)
  11 yaks
  A golden eye (Slime:3)
  3 chaos spawn (Pan)
  9 neqoxecs
  3 nagas
  A water moccasin (Lair:3)
  8 orc warriors
  2 ogres
  A centaur (D:12)
  An elf zombie (Crypt:1)
  A small abomination (Abyss:2)
  3 wights (D:8)
  A jelly (Abyss:5)
  An orc wizard (Orc:1)
  An ufetubus (Abyss:2)
  4 orcs
  24 bushes
  11 demonic plants
  A fire vortex (Orc:1)
  8 foxfires
  62 fungi
  4 lurking horrors
  362 plants
  71 starspawn tentacles
  4 withered plants (Crypt:3)
846 creatures vanquished.

Grand Total: 4703 creatures vanquished

Notes
Turn   | Place    | Note
-------+----------+-------------------------------------------
     0 | D:1      | iguanaiguana the Octopode Summoner began the quest for the
                  | Orb.
     0 | D:1      | Reached XP level 1. HP: 11/11 MP: 3/3
   367 | D:1      | Reached XP level 2. HP: 18/18 MP: 3/5
   592 | D:1      | Reached skill level 1 in Fighting
   623 | D:1      | Learned a level 2 spell: Call Imp
  1170 | D:2      | Reached XP level 3. HP: 23/23 MP: 2/6
  1174 | D:2      | Learned a level 3 spell: Call Canine Familiar
  1374 | D:2      | Found a glowing golden altar of the Shining One.
  1680 | D:2      | Reached XP level 4. HP: 29/29 MP: 7/7
  1684 | D:2      | Noticed Sigmund
  1696 | D:2      | Killed Sigmund
  1697 | D:2      | Reached skill level 5 in Summonings
  1697 | D:2      | Reached XP level 5. HP: 36/36 MP: 3/8
  2014 | D:2      | Found a faded altar of an unknown god.
  2204 | D:3      | Reached XP level 6. HP: 33/42 MP: 5/9
  2354 | D:3      | Found Pinoasigh's Antique Armour Emporium.
  2392 | D:3      | Noticed Ijyb
  2429 | D:3      | Paralysed by Ijyb for 4 turns
  2669 | D:3      | Killed Ijyb
  2752 | D:3      | Found Dith's Weapon Emporium.
  2859 | D:3      | Noticed Terence
  2877 | D:3      | Killed Terence
  2946 | D:3      | Noticed Jessica
  2955 | D:3      | Killed Jessica
  3178 | D:3      | Noticed Grinder
  3311 | D:3      | Killed Grinder
  3312 | D:3      | Reached XP level 7. HP: 48/48 MP: 4/10
  4062 | D:4      | Reached skill level 3 in Stealth
  4148 | D:4      | Found a glowing golden altar of the Shining One.
  4310 | D:4      | Reached skill level 1 in Shields
  4736 | D:5      | Entered Level 5 of the Dungeon
  4850 | D:5      | Found a shadowy altar of Dithmenos.
  4852 | D:5      | Reached skill level 1 in Air Magic
  4895 | D:5      | Noticed Edmund
  5059 | D:4      | Learned a level 3 spell: Summon Guardian Golem
  5193 | D:4      | Reached XP level 8. HP: 43/54 MP: 6/11
  6395 | D:4      | Found a glowing golden altar of the Shining One.
  6973 | D:5      | Reached skill level 4 in Stealth
  7800 | D:5      | Found a runed translucent door.
  7801 | D:5      | Noticed Crazy Yiuf
  8176 | D:5      | Reached skill level 1 in Hexes
  8737 | D:6      | Reached XP level 9. HP: 60/60 MP: 8/13
  9298 | D:6      | Found an ancient bone altar of Kikubaaqudgha.
  9303 | D:6      | Found a basalt altar of Yredelemnul.
  9308 | D:6      | Found a shimmering altar of Xom.
  9310 | D:6      | Found an iron altar of Okawaru.
  9425 | D:6      | Learned a level 4 spell: Summon Lightning Spire
  9619 | D:6      | Identified the +3 leather armour of Guipocik {Harm Stlth+}
  9768 | D:6      | Found a staircase to the Ecumenical Temple.
  9777 | Temple   | Entered the Ecumenical Temple
  9880 | Temple   | Became a worshipper of Gozag Ym Sagoz the Greedy
 10290 | D:6      | Reached skill level 5 in Dodging
 10290 | D:6      | Reached skill level 5 in Stealth
 10501 | D:6      | Reached skill level 5 in Fighting
 11317 | D:7      | Paralysed by a centaur for 5 turns
 12241 | D:8      | Reached skill level 5 in Shields
 12246 | D:8      | Noticed a seven-headed hydra
 12275 | D:8      | Killed a seven-headed hydra
 12276 | D:8      | Reached skill level 6 in Stealth
 12276 | D:8      | Reached XP level 10. HP: 43/67 MP: 2/16
 12514 | D:8      | Noticed Maurice
 12950 | D:9      | Identified the +1 buckler of Laiho {+Blink rC+ Will+ SInv}
 13002 | D:9      | Noticed Psyche
 13063 | D:9      | Killed Psyche
 13117 | D:9      | Noticed a wizard
 13135 | D:9      | Killed a wizard
 13136 | D:9      | Reached skill level 5 in Air Magic
 13234 | D:9      | Noticed Maggie
 13469 | D:9      | Reached skill level 7 in Stealth
 13869 | D:9      | Noticed Harold
 14152 | D:9      | Killed Maggie
 14214 | D:10     | Entered Level 10 of the Dungeon
 14434 | D:10     | Found a snail-covered altar of Cheibriados.
 14639 | D:10     | Found a staircase to the Orcish Mines.
 14786 | D:10     | Reached XP level 11. HP: 72/72 MP: 9/18
 15037 | D:10     | Reached skill level 1 in Evocations
 15220 | D:10     | Reached skill level 1 in Conjurations
 15220 | D:10     | Reached skill level 1 in Fire Magic
 16913 | D:11     | Reached skill level 5 in Spellcasting
 16977 | D:11     | Found a staircase to the Lair.
 17036 | D:11     | Learned a level 4 spell: Sticky Flame
 17172 | D:11     | Noticed a death knight
 17172 | D:11     | Noticed a manticore
 17182 | D:11     | Killed a manticore
 17183 | D:11     | Reached skill level 8 in Stealth
 17200 | Lair:1   | Entered Level 1 of the Lair of Beasts
 17336 | Lair:1   | Noticed Sonja
 17340 | Lair:1   | Noticed Erica
 17343 | Lair:1   | Killed Sonja
 17800 | D:11     | Noticed a boulder beetle
 18054 | D:11     | Noticed a fire dragon
 18056 | D:11     | Killed a boulder beetle
 18072 | D:11     | Noticed a red ugly thing
 18342 | D:11     | Noticed a manticore
 18359 | D:11     | Killed a manticore
 18360 | D:11     | Reached XP level 12. HP: 80/80 MP: 11/20
 18723 | Lair:1   | Killed Erica
 18885 | Lair:1   | Noticed a four-headed hydra
 18897 | Lair:1   | Killed a four-headed hydra
 18898 | Lair:1   | Reached skill level 10 in Summonings
 19221 | Lair:1   | Reached skill level 9 in Stealth
 19971 | Lair:1   | Reached skill level 5 in Fire Magic
 20128 | Lair:1   | Noticed Urug
 20144 | Lair:1   | Killed Urug
 20145 | Lair:1   | Reached skill level 5 in Conjurations
 20585 | Lair:2   | Reached skill level 1 in Polearms
 20750 | Lair:2   | Noticed a five-headed hydra
 20762 | Lair:2   | Killed a five-headed hydra
 20783 | Lair:2   | Reached XP level 13. HP: 85/86 MP: 6/22
 23081 | Lair:3   | Found a staircase to the Shoals.
 23374 | Lair:3   | Bought the Almanac of Venomous Lightness for 252 gold
                  | pieces
 23378 | Lair:3   | Learned a level 3 spell: Swiftness
 23412 | Lair:4   | Found a staircase to the Snake Pit.
 24156 | Lair:4   | Found a sparkling altar of Nemelex Xobeh.
 24487 | Lair:4   | Reached skill level 10 in Stealth
 25060 | Lair:5   | Reached skill level 5 in Evocations
 25389 | Lair:5   | Found a runed translucent door.
 26264 | Lair:5   | Found a staircase to the Slime Pits.
 26863 | Lair:6   | Entered Level 6 of the Lair of Beasts
 27229 | Lair:5   | Found a staircase to the Slime Pits.
 28538 | Lair:6   | Reached XP level 14. HP: 78/94 MP: 14/23
 29527 | Lair:6   | Reached skill level 5 in Polearms
 31551 | Lair:6   | Reached skill level 11 in Stealth
 33508 | Orc:1    | Entered Level 1 of the Orcish Mines
 34099 | Orc:1    | Found an iron altar of Okawaru.
 34148 | Orc:1    | Reached XP level 15. HP: 100/100 MP: 16/24
 34155 | Orc:1    | Learned a level 6 spell: Starburst
 34621 | Orc:1    | Noticed Erolcha
 34637 | Orc:1    | Killed Erolcha
 35991 | Orc:1    | Noticed a fire giant
 36057 | Orc:2    | Entered Level 2 of the Orcish Mines
 36058 | Orc:2    | Found a runed translucent gate.
 36058 | Orc:2    | Found a runed translucent gate.
 36058 | Orc:2    | Found a runed translucent gate.
 36061 | Orc:2    | Noticed Jeffwins's ghost (journeyman OgMo)
 36208 | Orc:2    | Found a staircase to the Elven Halls.
 38462 | Orc:2    | Found Merr's Assorted Antiques.
 38462 | Orc:2    | Found Qanut's Book Boutique.
 38462 | Orc:2    | Found Odghe's General Store.
 38465 | Orc:2    | Found Gane's Antique Armour Shoppe.
 38469 | Orc:2    | Bought a scroll of identify for 54 gold pieces
 38469 | Orc:2    | Bought a scroll of teleportation for 81 gold pieces
 38473 | Orc:2    | Bought a scroll of identify for 22 gold pieces
 38488 | Orc:2    | Bought a book of Minor Magic for 198 gold pieces
 38494 | Orc:2    | Learned a level 3 spell: Mephitic Cloud
 38754 | D:8      | Identified the +7 hand crossbow of Dissent {vorpal, rCorr
                  | Int-4 Dex+4 SInv}
 38838 | D:8      | Killed Maurice
 39004 | D:5      | Found a shadowy altar of Dithmenos.
 39018 | D:5      | Killed Edmund
 39331 | D:5      | Found a runed translucent door.
 39341 | D:5      | Killed Crazy Yiuf
 39602 | D:9      | Killed Harold
 39927 | D:11     | Reached skill level 1 in Poison Magic
 41698 | D:12     | Noticed Gastronok
 41714 | D:12     | Killed Gastronok
 42460 | D:13     | Reached XP level 16. HP: 100/108 MP: 17/26
 42852 | D:13     | Noticed Kirke
 42867 | D:13     | Killed Kirke
 42868 | D:13     | Reached skill level 12 in Stealth
 43490 | D:13     | Found a gate to the Vaults.
 43881 | D:14     | Found a runed translucent gate.
 43882 | D:14     | Found a runed translucent gate.
 43884 | D:14     | Found a runed translucent gate.
 43884 | D:14     | Noticed badtown22's ghost (journeyman GnWr)
 43888 | D:14     | Noticed an acid blob
 44812 | D:15     | Entered Level 15 of the Dungeon
 45491 | D:15     | Reached skill level 10 in Conjurations
 45510 | D:15     | Reached skill level 1 in Short Blades
 46270 | D:15     | Found a staircase to the Depths.
 46380 | D:15     | Reached skill level 10 in Fire Magic
 47043 | D:15     | Found a staircase to the Depths.
 47965 | Lair:1   | Bought a scroll of blinking for 142 gold pieces
 47967 | Lair:1   | Bought a pitted golden amulet for 155 gold pieces
 47967 | Lair:1   | Identified the amulet of Rofesmo {RegenMP Rampage rPois}
                  | (You bought it in a shop on level 1 of the Lair of Beasts)
 47979 | Lair:1   | Bought a ring of poison resistance for 420 gold pieces
 47979 | Lair:1   | Bought a +6 ring of intelligence for 1228 gold pieces
 47991 | Lair:1   | Bought a ring of resist corrosion for 420 gold pieces
 47991 | Lair:1   | Bought a ring of protection from cold for 525 gold pieces
 48080 | Snake:1  | Entered Level 1 of the Snake Pit
 50890 | Snake:2  | Reached skill level 10 in Dodging
 51076 | Snake:2  | Reached XP level 17. HP: 94/114 MP: 13/27
 51316 | D:14     | Learned a level 7 spell: Spellforged Servitor
 51858 | Snake:2  | Reached skill level 1 in Earth Magic
 53413 | Snake:3  | HP: 4/114 [shock serpent/bolt of electricity (6)]
 54067 | Snake:3  | Reached skill level 5 in Earth Magic
 54229 | Snake:2  | Learned a level 6 spell: Iron Shot
 55869 | Shoals:1 | Entered Level 1 of the Shoals
 56079 | Lair:1   | Bought a scroll of enchant armour for 142 gold pieces
 57800 | Shoals:1 | You fall into a shaft and drop 1 floor!
 57800 | Shoals:2 | Noticed Jorgrun
 57964 | Shoals:1 | Identified Roxanne's Tome of Transformation
 57964 | Shoals:1 | Noticed Roxanne
 57989 | Shoals:1 | Killed Roxanne
 58452 | Shoals:1 | Found Moajahol's Visitors' Centre.
 58452 | Shoals:1 | Found Moajahol's Merfolk Magic.
 58466 | Shoals:1 | Reached skill level 1 in Transmutations
 58869 | Shoals:1 | Found Moajahol's Merfolk Weapons.
 59050 | Shoals:2 | Killed Jorgrun
 59356 | Shoals:2 | Noticed Ilsuiw
 59518 | Shoals:2 | Noticed Polyphemus
 59570 | Shoals:2 | Killed Ilsuiw
 59573 | Shoals:2 | Reached XP level 18. HP: 47/120 MP: 26/30
 60796 | Shoals:2 | Killed Polyphemus
 61737 | Shoals:3 | Noticed Bai Suzhen
 61817 | Shoals:3 | Killed Bai Suzhen
 62163 | Lair:1   | Learned a level 6 spell: Statue Form
 62537 | Shoals:3 | Reached skill level 5 in Transmutations
 62736 | Shoals:3 | Found Edeus's Overcharged Wands.
 63498 | Shoals:4 | Entered Level 4 of the Shoals
 64519 | Shoals:4 | Found the +14 obsidian axe {vorpal, Mesm Drain Fly SInv}
 65074 | Shoals:4 | Got Jaycilot's Grimoire of Floating Envenoming
 65164 | Shoals:4 | Got a barnacled rune of Zot
 65925 | Snake:4  | Entered Level 4 of the Snake Pit
 65947 | Snake:4  | Found Rifumirr's Armour Shoppe.
 66336 | Snake:4  | Reached skill level 10 in Earth Magic
 66578 | Snake:4  | Reached XP level 19. HP: 126/126 MP: 21/32
 67053 | Snake:4  | Found a runed translucent gate.
 67053 | Snake:4  | Found a runed translucent gate.
 67053 | Snake:4  | Found a runed translucent gate.
 67059 | Snake:4  | Noticed Gygal Fez's ghost (adept MiFi)
 67204 | Snake:4  | Reached skill level 10 in Transmutations
 67281 | Snake:4  | Reached skill level 10 in Shields
 68382 | Snake:4  | Got a serpentine rune of Zot
 68497 | Snake:4  | Killed Gygal Fez's ghost
 68646 | Lair:5   | Found a runed translucent door.
 68672 | Lair:5   | Found a runed translucent gate.
 68672 | Lair:5   | Identified the +11 whip of Uncertain Death {vorpal, Drain
                  | rPois rCorr Stlth+}
 68673 | Lair:5   | Found a runed translucent gate.
 68674 | Lair:5   | Found a runed translucent gate.
 68674 | Lair:5   | Found a runed translucent gate.
 68674 | Lair:5   | Found a runed translucent gate.
 68676 | Lair:5   | Found a runed translucent gate.
 69008 | D:14     | Found a viscous altar of Jiyva.
 69026 | D:14     | Killed badtown22's ghost
 69357 | Vaults:1 | Entered Level 1 of the Vaults
 70351 | Vaults:1 | Found Woetel's Antique Weapon Shoppe.
 70390 | Vaults:1 | Identified the +6 falchion "Piemy" {pain, rPois rF+ rCorr}
 70825 | Vaults:1 | Reached skill level 1 in Long Blades
 72003 | Vaults:2 | Reached XP level 20. HP: 132/132 MP: 1/33
 72150 | Vaults:2 | Identified the +3 kite shield of Midsummer {Dex+5}
 72150 | Vaults:2 | Noticed Asterion
 72158 | Vaults:2 | Killed Asterion
 72159 | Vaults:2 | Reached skill level 13 in Stealth
 72685 | Vaults:2 | Found Fofa's Armour Boutique.
 72700 | Vaults:2 | Reached skill level 10 in Fighting
 73785 | Vaults:2 | Noticed Donald
 73797 | Vaults:2 | Killed Donald
 74098 | Vaults:2 | Identified the ring of the Mantidfly {rElec rCorr}
 74193 | Vaults:2 | Reached skill level 1 in Necromancy
 74629 | Vaults:3 | Paralysed by a sphinx for 4 turns
 74868 | Vaults:3 | Reached skill level 14 in Stealth
 75019 | Vaults:3 | Noticed Boris
 75032 | Vaults:3 | Killed Boris
 75348 | Vaults:3 | Reached skill level 10 in Polearms
 75384 | Vaults:3 | Noticed a golden dragon
 75890 | Vaults:3 | Found a staircase to the Crypt.
 76561 | Vaults:3 | Reached XP level 21. HP: 138/138 MP: 23/34
 78146 | Vaults:3 | Killed a golden dragon
 78228 | Vaults:3 | Found a staircase to the Crypt.
 78583 | Vaults:4 | Found Dafas's Antique Weapon Shop.
 78584 | Vaults:4 | Found Puleop's Antique Weapon Shop.
 78598 | Vaults:4 | Bought the +8 lance "Wyrmbane" {slay drac, rPois rF+ rC+
                  | AC+3} for 2989 gold pieces
 78598 | Vaults:4 | Found the +8 lance "Wyrmbane" {slay drac, rPois rF+ rC+
                  | AC+3}
 78738 | Vaults:4 | Paralysed by a sphinx for 4 turns
 79094 | Vaults:4 | Reached skill level 15 in Conjurations
 79167 | Vaults:4 | Found Sizarron's Weapon Emporium.
 80856 | Vaults:4 | Found a runed translucent door.
 80856 | Vaults:4 | Noticed crisisinutopia's ghost (adept MiFi)
 80961 | Vaults:4 | Reached skill level 15 in Stealth
 81160 | Vaults:4 | Killed crisisinutopia's ghost
 81630 | Elf:1    | Entered Level 1 of the Elven Halls
 81684 | Elf:1    | Found a radiant altar of Vehumet.
 81696 | Elf:1    | Reached skill level 10 in Spellcasting
 81901 | Elf:1    | Found Fireely's General Store.
 81927 | Elf:1    | Reached skill level 15 in Summonings
 82450 | Elf:1    | Paralysed by an air elemental for 1 turns
 82768 | Elf:2    | Found Zouf's Book Shoppe.
 83487 | Orc:2    | Bought Carasidu's Reference Book on the Spatial Snowflakes
                  | for 380 gold pieces
 83490 | Orc:2    | Learned a level 2 spell: Blink
 83725 | Elf:2    | Reached skill level 1 in Translocations
 83775 | Elf:2    | Reached XP level 22. HP: 144/144 MP: 22/36
 84058 | Elf:2    | Reached skill level 5 in Translocations
 84147 | Elf:2    | Found a runed translucent gate.
 84180 | Elf:2    | Found a runed translucent gate.
 84180 | Elf:2    | Found a runed translucent gate.
 84804 | Elf:2    | Reached skill level 16 in Stealth
 84808 | Elf:2    | Noticed Agnes
 84817 | Elf:2    | Killed Agnes
 85104 | Elf:2    | Reached skill level 17 in Stealth
 85349 | Elf:3    | Entered Level 3 of the Elven Halls
 85564 | Elf:3    | Reached skill level 18 in Stealth
 86021 | Elf:3    | Cast into level 3 of the Abyss (a deep elf sorcerer)
 86090 | Abyss:4  | Paralysed by accursed screaming for 1 turns
 86105 | Abyss:4  | Paralysed by accursed screaming for 1 turns
 86742 | Abyss:4  | Paralysed by an orc sorcerer for 6 turns
 86812 | Elf:3    | Escaped the Abyss
 87386 | Elf:2    | Bought Putruira's Catalogue of the Arsonist and Summoning
                  | for 560 gold pieces
 87417 | Elf:1    | Learned a level 7 spell: Malign Gateway
 87800 | Crypt:1  | Entered Level 1 of the Crypt
 87968 | Crypt:1  | Found a magical portal.
 87974 | WizLab   | Entered Iskenderun's Mystic Tower
 89462 | WizLab   | Got Iskenderun's Handbook of Battle Magic
 90397 | Crypt:2  | Reached XP level 23. HP: 150/150 MP: 21/37
 90732 | Crypt:2  | Reached skill level 10 in Translocations
 91351 | Crypt:2  | Found an ancient bone altar of Kikubaaqudgha.
 91392 | Crypt:2  | Reached skill level 19 in Stealth
 91896 | Crypt:2  | Identified the +1 falchion of Immorality {antimagic, *Slow
                  | rF+ Int+2}
 91946 | Crypt:3  | Entered Level 3 of the Crypt
 92050 | Crypt:3  | Reached skill level 20 in Stealth
 92612 | Crypt:3  | Reached skill level 21 in Stealth
 93479 | Crypt:3  | Reached skill level 22 in Stealth
 93665 | Crypt:3  | Found a basalt altar of Yredelemnul.
 93684 | Crypt:3  | Reached XP level 24. HP: 156/156 MP: 22/37
 93863 | Crypt:3  | Found a staircase to the Tomb.
 93863 | Crypt:3  | Noticed a royal mummy
 93869 | Crypt:3  | Killed a royal mummy
 94022 | Crypt:3  | Found the +9 sword of Zonguldrok {reap}
 94325 | Crypt:3  | Identified the ring of Xame {rC- rN+ Will+ Slay+2}
 94325 | Crypt:3  | Identified the ring "Gonix" {rC+ rN+}
 94325 | Crypt:3  | Identified the ring "Sorro" {rElec rC- rN+ Int+5 Dex+4}
 94989 | Slime:1  | Entered Level 1 of the Pits of Slime
 95021 | Slime:1  | Reached skill level 23 in Stealth
 96454 | Slime:4  | Reached skill level 24 in Stealth
 96672 | Slime:5  | Entered Level 5 of the Pits of Slime
 96708 | Slime:5  | Gained mutation: You are occasionally teleported next to
                  | monsters. [a shining eye]
 96712 | Slime:4  | Lost mutation: You are occasionally teleported next to
                  | monsters. [potion of mutation]
 96712 | Slime:4  | Gained mutation: Potions are less effective at restoring
                  | your health. [potion of mutation]
 96712 | Slime:4  | Gained mutation: Your spells are a little harder to cast,
                  | but a little more powerful. [potion of mutation]
 96712 | Slime:4  | Gained mutation: You have hidden genetic defects. [potion
                  | of mutation]
 96712 | Slime:4  | Gained mutation: Your muscles are strong. (Str +2) [potion
                  | of mutation]
 96713 | Slime:4  | Lost mutation: Your muscles are strong. (Str +2) [potion of
                  | mutation]
 96713 | Slime:4  | Lost mutation: Your spells are a little harder to cast, but
                  | a little more powerful. [potion of mutation]
 96713 | Slime:4  | Lost mutation: Potions are less effective at restoring your
                  | health. [potion of mutation]
 96713 | Slime:4  | Gained mutation: You are agile. (Dex +2) [potion of
                  | mutation]
 96713 | Slime:4  | Gained mutation: Your flesh is cold resistant. (rC+)
                  | [potion of mutation]
 96713 | Slime:4  | Gained mutation: You possess an exceptional clarity of
                  | mind. [potion of mutation]
 97533 | Slime:4  | Reached skill level 25 in Stealth
 97791 | Slime:5  | Noticed the Royal Jelly
 97798 | Slime:5  | Killed the Royal Jelly
 97832 | Slime:4  | Lost mutation: You possess an exceptional clarity of mind.
                  | [hidden defects]
 98007 | Slime:5  | Reached skill level 26 in Stealth
 98774 | Slime:5  | Got a slimy rune of Zot
 98775 | Slime:5  | Identified the +5 morningstar of the Wheel {freeze, *Rage
                  | rElec rPois SInv}
 98788 | Slime:5  | Identified the +7 great sword "Ceur" {elec, rPois}
 98824 | Slime:5  | Identified the ring "Kuure" {rCorr Str+3 Dex+6 Stlth+}
 98830 | Slime:5  | Identified the +2 demon trident of the Silent Majority
                  | {vamp, Will+}
 98836 | Slime:5  | Found the +3 giant club "Skullcrusher" {speed, Str+7}
 98841 | Slime:5  | Got the Handbook of the Destructive Traveller
 98850 | Slime:5  | Identified the +7 broad axe "Jaxouc" {freeze, *Noise rN+
                  | Str+2 SInv}
100142 | Vaults:5 | Entered Level 5 of the Vaults
100148 | Vaults:5 | Reached skill level 27 in Stealth
100162 | Vaults:4 | Lost mutation: You are agile. (Dex +2) [hidden defects]
100162 | Vaults:4 | Lost mutation: You have hidden genetic defects. [hidden
                  | defects expressed]
101071 | Vaults:5 | Reached XP level 25. HP: 162/162 MP: 19/37
101808 | Vaults:5 | Identified the +7 scimitar of Obiakut {flame, rF+ Stlth+}
101830 | Vaults:5 | Identified the +5 hand axe "Plog" {spect, rF+ rN+ Will-}
102399 | Vaults:5 | Noticed a dread lich
102406 | Vaults:5 | Killed a dread lich
102884 | Vaults:5 | Got a silver rune of Zot
104929 | Elf:3    | Gained mutation: Your spells are a little harder to cast,
                  | but a little more powerful. [a cacodemon]
105276 | Elf:3    | Got the Compendium of Curses and Contamination
105318 | Elf:3    | Got Vehumet's Incunabulum of Creative Attacks
105689 | Depths:1 | Entered Level 1 of the Depths
105926 | Depths:1 | Reached XP level 26. HP: 171/171 MP: 38/38
105966 | Depths:1 | Found a gateway to Hell.
106352 | Depths:1 | Noticed Boris
106359 | Depths:1 | Killed Boris
106529 | Depths:1 | Found Jyneleji's Jewellery Boutique.
106530 | Depths:1 | Found Uvosaisu's Book Emporium.
106539 | Depths:1 | Found Juwer's Jewellery Boutique.
106553 | Depths:1 | Bought a ring of magical power for 220 gold pieces
107625 | Depths:2 | Found a one-way gate leading to the halls of Pandemonium.
107696 | Depths:2 | Found a one-way gateway to a ziggurat.
107768 | Depths:2 | You fall into a shaft and drop 1 floor!
107990 | Depths:3 | Found Gut Faag's Jewellery Shoppe.
108122 | Depths:3 | Found a one-way gate to the infinite horrors of the Abyss.
108665 | Depths:3 | Identified a scroll of acquirement
108698 | Depths:3 | Acquired 650 gold pieces
109365 | Depths:3 | Got Koaliots's Compendium of Harmful Snow
109495 | Depths:4 | Entered Level 4 of the Depths
109548 | Depths:3 | Learned a level 1 spell: Apportation
109758 | Depths:4 | Found a shadowy altar of Dithmenos.
109841 | Depths:4 | Paralysed by a floating eye for 2 turns
109881 | Depths:4 | Reached XP level 27. HP: 180/180 MP: 39/39
109890 | Depths:4 | Learned a level 8 spell: Lehudib's Crystal Spear
110142 | Depths:4 | Reached skill level 15 in Earth Magic
110459 | Depths:4 | Found a gate to the Realm of Zot.
110559 | Depths:4 | Noticed Saint Roka
110580 | Depths:4 | Killed Saint Roka
111160 | Zot:1    | Entered Level 1 of the Realm of Zot
111738 | Zot:1    | Identified the +6 trident of Noon {protect, rElec}
112009 | Depths:1 | Bought the ring of the Magpie {Fire rN++ Will+ Str-4} for
                  | 754 gold pieces
112013 | Depths:1 | Bought a ring of protection from fire for 275 gold pieces
112509 | Zot:2    | Noticed an orb of fire
112511 | Zot:2    | Gained mutation: You tend to lose your temper in combat.
                  | [an orb of fire]
112518 | Zot:2    | Killed an orb of fire
112702 | Zot:2    | Got the Volume of Combat Magic and Shape Shifting
113110 | Zot:2    | Identified the +7 shortbow of Intuition {flame, Str-4 Int-4
                  | Dex+8 Stlth+}
113772 | Vaults:2 | Learned a level 8 spell: Summon Horrible Things
114562 | Zot:3    | Noticed an orb of fire
114575 | Zot:3    | Killed an orb of fire
117896 | Zot:5    | Entered Level 5 of the Realm of Zot
118033 | Zot:5    | Noticed a dread lich
118034 | Zot:5    | Noticed an orb of fire
118035 | Zot:5    | Gained mutation: You have hidden genetic defects. [an orb
                  | of fire]
118037 | Zot:5    | Noticed an orb of fire
118043 | Zot:5    | Gained mutation: You are dopey. (Int -2) [an orb of fire]
118059 | Zot:5    | Gained mutation: You have terrible hidden genetic defects.
                  | [mutagenic glow]
118141 | Zot:5    | Lost mutation: You have terrible hidden genetic defects.
                  | [potion of mutation]
118141 | Zot:5    | Lost mutation: Your flesh is cold resistant. (rC+) [potion
                  | of mutation]
118141 | Zot:5    | Gained mutation: Your muscles are strong. (Str +2) [potion
                  | of mutation]
118141 | Zot:5    | Gained mutation: Your body sometimes deteriorates upon
                  | taking damage. [potion of mutation]
118141 | Zot:5    | Gained mutation: Your muscles are very strong. (Str +4)
                  | [potion of mutation]
118142 | Zot:5    | Lost mutation: You tend to lose your temper in combat.
                  | [potion of mutation]
118142 | Zot:5    | Lost mutation: You are dopey. (Int -2) [potion of mutation]
118142 | Zot:5    | Lost mutation: Your body sometimes deteriorates upon taking
                  | damage. [potion of mutation]
118142 | Zot:5    | Gained mutation: You are strong-willed. (Will+) [potion of
                  | mutation]
118142 | Zot:5    | Gained mutation: Your flesh is heat resistant. (rF+)
                  | [potion of mutation]
118319 | Zot:5    | Noticed an orb of fire
118334 | Zot:5    | Killed an orb of fire
118698 | Zot:5    | Noticed a dread lich
118709 | Zot:5    | Killed a dread lich
118734 | Zot:5    | Gained mutation: You occasionally shout uncontrollably at
                  | your foes. [hidden defects]
118735 | Zot:5    | Killed an orb of fire
118835 | Zot:5    | Noticed an orb of fire
118843 | Zot:5    | Gained mutation: You frequently scream uncontrollably at
                  | your foes. [an orb of fire]
118843 | Zot:5    | Gained mutation: You sometimes lose the ability to read
                  | scrolls when taking damage. [an orb of fire]
118845 | Zot:5    | Gained mutation: Your flesh is very heat resistant. (rF++)
                  | [an orb of fire]
118856 | Zot:5    | Killed an orb of fire
118862 | Zot:5    | Reached skill level 15 in Dodging
118862 | Zot:5    | Reached skill level 15 in Shields
118876 | Zot:5    | Reached skill level 15 in Fighting
119013 | Zot:5    | Noticed an orb of fire
119028 | Zot:5    | Lost mutation: Your spells are a little harder to cast, but
                  | a little more powerful. [an orb of fire]
119031 | Zot:5    | Killed an orb of fire
119146 | Zot:5    | Gained mutation: You do not regenerate when monsters are
                  | visible. [hidden defects]
119146 | Zot:5    | Lost mutation: You have hidden genetic defects. [hidden
                  | defects expressed]
119537 | Zot:5    | Killed a dread lich
119756 | Zot:5    | Killed an orb of fire
120316 | Zot:5    | Lost mutation: You frequently scream uncontrollably at your
                  | foes. [potion of mutation]
120316 | Zot:5    | Lost mutation: You occasionally shout uncontrollably at
                  | your foes. [potion of mutation]
120316 | Zot:5    | Lost mutation: Your flesh is very heat resistant. (rF++)
                  | [potion of mutation]
120316 | Zot:5    | Gained mutation: You are dopey. (Int -2) [potion of
                  | mutation]
120316 | Zot:5    | Gained mutation: You expend magic power (3 MP) to
                  | strengthen your wands. [potion of mutation]
120316 | Zot:5    | Lost mutation: You are dopey. (Int -2) [potion of mutation]
120317 | Zot:5    | Lost mutation: You expend magic power (3 MP) to strengthen
                  | your wands. [potion of mutation]
120317 | Zot:5    | Lost mutation: Your flesh is heat resistant. (rF+) [potion
                  | of mutation]
120317 | Zot:5    | Gained mutation: Your flesh is cold resistant. (rC+)
                  | [potion of mutation]
120317 | Zot:5    | Gained mutation: You are dopey. (Int -2) [potion of
                  | mutation]
120317 | Zot:5    | Gained mutation: One of your tentacles bears a spike.
                  | [potion of mutation]
120318 | Zot:5    | Lost mutation: You are dopey. (Int -2) [potion of mutation]
120318 | Zot:5    | Lost mutation: You are strong-willed. (Will+) [potion of
                  | mutation]
120318 | Zot:5    | Lost mutation: You sometimes lose the ability to read
                  | scrolls when taking damage. [potion of mutation]
120318 | Zot:5    | Gained mutation: Your skin blends seamlessly with your
                  | surroundings (Stealth++). [potion of mutation]
120318 | Zot:5    | Gained mutation: You are dopey. (Int -2) [potion of
                  | mutation]
120318 | Zot:5    | Gained mutation: You are somewhat resistant to further
                  | mutation. [potion of mutation]
120319 | Zot:5    | Lost mutation: Your flesh is cold resistant. (rC+) [potion
                  | of mutation]
120319 | Zot:5    | Lost mutation: Your muscles are very strong. (Str +4)
                  | [potion of mutation]
120320 | Zot:5    | Lost mutation: You do not regenerate when monsters are
                  | visible. [potion of mutation]
120320 | Zot:5    | Lost mutation: You are somewhat resistant to further
                  | mutation. [potion of mutation]
120320 | Zot:5    | Lost mutation: Your muscles are strong. (Str +2) [potion of
                  | mutation]
120320 | Zot:5    | Gained mutation: Your spells are a little easier to cast,
                  | but a little less powerful. [potion of mutation]
120320 | Zot:5    | Gained mutation: Your flesh is cold resistant. (rC+)
                  | [potion of mutation]
120437 | Depths:3 | Voluntarily entered the Abyss.
120690 | Abyss:1  | Paralysed by accursed screaming for 1 turns
120697 | Abyss:1  | Paralysed by accursed screaming for 1 turns
121379 | Depths:3 | Escaped the Abyss
121663 | Depths:3 | Voluntarily entered the Abyss.
121732 | Abyss:3  | Found a corrupted altar of Lugonu.
121764 | Abyss:4  | Found a corrupted altar of Lugonu.
121814 | Abyss:5  | Entered Level 5 of the Abyss
121907 | Depths:3 | Escaped the Abyss
122138 | Pan      | Entered Pandemonium
122288 | Pan      | Noticed Patick the pandemonium lord
122350 | Pan      | Killed Patick the pandemonium lord
122574 | Pan      | Gained mutation: Your magical capacity is low. (-10% MP) [a
                  | cacodemon]
123131 | Pan      | Noticed Dixzaod the pandemonium lord
123138 | Pan      | Killed Dixzaod the pandemonium lord
124129 | Pan      | Reached skill level 15 in Spellcasting
125720 | Pan      | Noticed Darong the pandemonium lord
125727 | Pan      | Killed Darong the pandemonium lord
126659 | Depths:3 | Escaped Pandemonium
126726 | Depths:3 | Learned a level 9 spell: Dragon's Call
126799 | Depths:3 | Voluntarily entered the Abyss.
127210 | Abyss:3  | Paralysed by accursed screaming for 1 turns
127686 | Abyss:3  | Found a blossoming altar of Fedhas.
127705 | Abyss:3  | Found a blossoming altar of Fedhas.
127829 | Abyss:5  | Entered Level 5 of the Abyss
128285 | Depths:3 | Escaped the Abyss
128568 | Pan      | Entered Pandemonium
128577 | Pan      | Noticed Iroawnac the pandemonium lord
128586 | Pan      | Killed Iroawnac the pandemonium lord
129863 | Pan      | Noticed Zyrikhlug the pandemonium lord
129882 | Pan      | Killed Zyrikhlug the pandemonium lord
130274 | Pan      | Found an exit through the horrors of the Abyss.
130299 | Pan      | Took an exit into the Abyss.
130299 | Abyss:1  | Escaped into the Abyss
130303 | Abyss:1  | Found a corrupted altar of Lugonu.
130319 | Abyss:2  | Found a sacrificial altar of Ru.
130563 | Abyss:4  | Gained mutation: You occasionally shout uncontrollably at
                  | your foes. [a neqoxec]
130787 | Depths:3 | Escaped the Abyss
130876 | Pan      | Entered Pandemonium
131894 | Pan      | Identified the +10 shortbow of Wucyufri {speed, rElec rPois
                  | rF+ Dex+4}
132026 | Pan      | Gained mutation: You sometimes lose the ability to read
                  | scrolls when taking damage. [a neqoxec]
132029 | Pan      | Gained mutation: You are clumsy. (Dex -2) [a neqoxec]
132479 | Pan      | Noticed Piad the pandemonium lord
132486 | Pan      | Killed Piad the pandemonium lord
133081 | Pan      | Got a demonic rune of Zot
133896 | Pan      | Noticed Zitsea the pandemonium lord
133914 | Pan      | Killed Zitsea the pandemonium lord
134185 | Pan      | Found an exit through the horrors of the Abyss.
134278 | Pan      | Identified the +2 spear "ETAOIN SHRDLU" {holy, Will- Str+6}
134303 | Depths:3 | Escaped Pandemonium
134381 | Depths:3 | Voluntarily entered the Abyss.
134475 | Depths:3 | Escaped the Abyss
134698 | Depths:3 | Voluntarily entered the Abyss.
134707 | Abyss:1  | Found a corrupted altar of Lugonu.
135118 | Abyss:3  | Found a basalt altar of Yredelemnul.
135152 | Abyss:4  | Found a corrupted altar of Lugonu.
135212 | Abyss:4  | Found a corrupted altar of Lugonu.
135516 | Depths:3 | Escaped the Abyss
135918 | Pan      | Entered Pandemonium
136354 | Pan      | Noticed Baegikk the pandemonium lord
136363 | Pan      | Killed Baegikk the pandemonium lord
136501 | Pan      | Entered the realm of Cerebov.
136912 | Pan      | Found the +6 sword of Cerebov {flame}
136912 | Pan      | Noticed Cerebov
136935 | Pan      | Killed Cerebov
136994 | Pan      | Identified the +3 hand axe "Hellblazer" {vorpal, rC+}
137280 | Pan      | Got a fiery rune of Zot
137336 | Pan      | Identified the amulet of Descent {Acrobat rPois Will- Dex+7
                  | Slay+5}
137668 | Pan      | Identified the ring "Dejager" {Wiz Int+3}
138099 | Pan      | Found an exit through the horrors of the Abyss.
138616 | Pan      | Took an exit into the Abyss.
138616 | Abyss:1  | Escaped into the Abyss
138616 | Abyss:1  | Found a corrupted altar of Lugonu.
138788 | Abyss:2  | Found a corrupted altar of Lugonu.
138888 | Abyss:2  | Found a corrupted altar of Lugonu.
138954 | Abyss:3  | Found a corrupted altar of Lugonu.
139156 | Depths:3 | Escaped the Abyss
139321 | Pan      | Entered the realm of Mnoleg.
139321 | Pan      | Entered Pandemonium
139337 | Pan      | Gained mutation: Your body sometimes deteriorates upon
                  | taking damage. [a neqoxec]
139968 | Pan      | Noticed Mnoleg
139994 | Pan      | Killed Mnoleg
140010 | Pan      | Got a glowing rune of Zot
140210 | Pan      | Found an exit through the horrors of the Abyss.
140223 | Pan      | Took an exit into the Abyss.
140223 | Abyss:1  | Escaped into the Abyss
140302 | Abyss:4  | Found a corrupted altar of Lugonu.
140363 | Abyss:4  | Found a corrupted altar of Lugonu.
140380 | Abyss:4  | Got an abyssal rune of Zot
140384 | Depths:3 | Escaped the Abyss
140849 | Depths:2 | Noticed Nikola
140862 | Depths:2 | Killed Nikola
142504 | Hell     | Entered the Vestibule of Hell
142504 | Hell     | Noticed Geryon
142513 | Hell     | Noticed Murray
142519 | Hell     | Killed Geryon
142891 | Depths:1 | Killed Murray
143345 | Zig:1    | Entered Level 1 of a ziggurat
143357 | Zig:1    | Gained mutation: You are occasionally teleported next to
                  | monsters. [a neqoxec]
143476 | Zig:2    | Entered Level 2 of a ziggurat
143540 | Zig:3    | Entered Level 3 of a ziggurat
143606 | Zig:4    | Entered Level 4 of a ziggurat
143624 | Zig:4    | Identified the +4 scale mail "Abux Kat" {rC- rCorr Dex+5}
143684 | Zig:5    | Entered Level 5 of a ziggurat
143744 | Zig:6    | Entered Level 6 of a ziggurat
143770 | Zig:6    | Learned a level 8 spell: Ignition
143856 | Zig:7    | Entered Level 7 of a ziggurat
143927 | Zig:7    | Identified the amulet "Asmalad" {Faith rPois Int+3}
143951 | Zig:7    | Identified the +9 bardiche of Ceikh {vorpal, rElec Will-
                  | rCorr}
143993 | Zig:8    | Entered Level 8 of a ziggurat
144031 | Zig:8    | Identified the +4 quarterstaff of Trial by Ordeal {freeze,
                  | rPois SInv}
144053 | Zig:8    | Identified the +6 glaive of Resourcefulness {freeze, rC+
                  | Int+2}
144084 | Zig:9    | Entered Level 9 of a ziggurat
144091 | Zig:9    | Reached skill level 15 in Fire Magic
144257 | Zig:10   | Entered Level 10 of a ziggurat
144322 | Zig:10   | Lost mutation: Your skin blends seamlessly with your
                  | surroundings (Stealth++). [potion of mutation]
144322 | Zig:10   | Lost mutation: Your body sometimes deteriorates upon taking
                  | damage. [potion of mutation]
144322 | Zig:10   | Lost mutation: Your flesh is cold resistant. (rC+) [potion
                  | of mutation]
144332 | Zig:10   | Identified the +1 arbalest of Seucsala {penet, rF- rC+++
                  | Will- Int+3 SInv}
144391 | Zig:11   | Entered Level 11 of a ziggurat
144496 | Zig:11   | Identified the ring of Tempters {EV+4 Str-5 Dex+6}
144597 | Zig:12   | Entered Level 12 of a ziggurat
144727 | Zig:12   | Lost mutation: Your spells are a little easier to cast, but
                  | a little less powerful. [potion of mutation]
144727 | Zig:12   | Lost mutation: You are clumsy. (Dex -2) [potion of
                  | mutation]
144727 | Zig:12   | Lost mutation: You occasionally shout uncontrollably at
                  | your foes. [potion of mutation]
144727 | Zig:12   | Lost mutation: You are dopey. (Int -2) [potion of mutation]
144730 | Zig:12   | Identified the +2 glaive of Wenk {flame, rPois rC+ Str+2
                  | Dex+4}
144757 | Zig:13   | Entered Level 13 of a ziggurat
144888 | Zig:13   | Killed from afar by a black draconian

Illustrated notes

Levels and vault maps discovered:
D:1:      minmay_arrival_jagged, layout_loops_ring, minmay_hexomino_u4
D:2:      layout_basic, basic_altar, shapermc_ecumenical_altar_mp_ritualfount,
          kennysheep_generic_room_8, uniq_sigmund
D:3:      layout_loops_ring, serial_shops, nicolae_shop_bloodbath_and_beyond,
          nicolae_shop_stone, uniq_ijyb, uniq_jessica, uniq_grinder,
          uniq_terence
D:4:      layout_loops_ring, lemuel_doored_altar,
          hangedman_decor_diamond_cutter, chequers_decorated_corner
D:5:      layout_rooms, mainiacjoe_overflow_tiny_flanked, uniq_edmund,
          uniq_crazy_yiuf_cottage
D:6:      nicolae_cairo_tiling_very_big, layout_layer_cave, minitemple,
          minmay_temple_entry_crystal_x, minmay_misc_feat_secret_circle,
          grunt_decor_mini_mirrors
D:7:      layout_basic
D:8:      layout_cave_pools, uniq_maurice
D:9:      layout_roguey, uniq_maggie, uniq_harold, uniq_psyche
D:10:     layout_loops_ring, kennysheep_slug_shrine, david_orc_2,
          serial_co_window_serial, co_window_paths_b, co_window_paths_b,
          co_window_paths_b, co_window_cross_1, co_window_corner_a,
          co_window_corner_b, co_window_unsneaky_path_e, co_window_corner_b,
          co_window_corner_b, co_window_of_opportunity_c, co_window_sun
D:11:     layout_loops_corners, erik_lair_island, gauntlet_entry_generic,
          minmay_the_grid_square_5x5_3x3_mashed
          [minmay_the_grid_square_5x5_three_small,
          minmay_the_grid_square_5x5_bite, minmay_the_grid_square_5x5_bridge,
          minmay_the_grid_square_5x5_inner_i,
          minmay_the_grid_square_5x5_megaprize_diamond,
          minmay_the_grid_square_5x5_three_walls,
          minmay_the_grid_square_5x5_almost_minimal,
          minmay_the_grid_square_5x5_slash,
          minmay_the_grid_square_5x5_checkered_sparse]
D:12:     cheibrodos_ideogram_h, layout_cave_pools, uniq_gastronok
D:13:     layout_roguey, david_vaults_5, uniq_kirke
D:14:     layout_cave_pools, gammafunk_ghost_ooze
D:15:     hangedman_depths_entry_civil_slaughter, layout_loops_ring,
          minmay_stone_trees_large, minmay_hedge_maze
Temple:   regret_index_temple_waves
Lair:1:   layout_roguey, uniq_urug, uniq_sonja, uniq_erica
Lair:2:   layout_loops_ring, patterned_corridor, grunt_megastairs_4,
          serial_bayou_shore_a
Lair:3:   layout_layer_cave, minmay_shoals_entry_hut, grunt_megastairs_5
Lair:4:   layout_roguey, guppyfry_snake_entry_garden, basic_altar
Lair:5:   gammafunk_indiana_jones, layout_concentric_octagons,
          minmay_slime_entry_jelly_boxes, grunt_megastairs_2
Lair:6:   minmay_lair_end_frog_pond, layout_regular_city,
          infiniplex_staircase_pool_2
Shoals:1: nicolae_shoals_mermall, layout_shoals,
          nicolae_shoals_lost_giant_pillars, uniq_roxanne
Shoals:2: layout_shoals, uniq_ilsuiw, uniq_polyphemus, uniq_jorgrun
Shoals:3: layout_shoals, nicolae_shop_overcharged_wands, uniq_bai_suzhen
Shoals:4: shoals_end_grunt_garden, layout_shoals, nicolae_shoals_mertower
Snake:1:  layout_concentric_octagons, nicolae_snake_gridmaze_spiral
Snake:2:  layout_gridlike, grunt_megastairs_1
Snake:3:  layout_misc_corridors
Snake:4:  hellmonk_snake_rune_quicksilver_temple, layout_gridlike,
          gammafunk_ghost_necromancy, minmay_shop_star
Slime:1:  layout_caves
Slime:2:  layout_caves
Slime:3:  layout_caves
Slime:4:  layout_caves
Slime:5
Orc:1:    giant_chief_lemuel, layout_caves, okawaru_metal_pillars_1_2,
          uniq_erolcha
Orc:2:    st_orc_rangers, layout_diamond_mine, biasface_ghost_orc_armoury
Elf:1:    eino_elf_arrival_altar, layout_geoelf_octagon, serial_shops,
          nicolae_diamond_shop, minmay_elf_sorcery, nicolae_elf_archery_training
Elf:2:    elven_hall_of_blades_hangedman_original
          [nicolae_vaults_blade_armed_guards], layout_gridlike, serial_shops,
          shop, hangedman_elven_crosses_minicolossus, uniq_agnes
Elf:3:    minmay_elf_hall_furrowed, layout_rooms, roderic_lattice_octagonal_star
Vaults:1: hangedman_vaults_unwind, vaults_dpeg_diagonal, vaults_room_pools,
          v_misc_27, vaults_room_semicircle, hangedman_vaults_slice,
          nicolae_vaults_triangles, ontoclasm_vaults_spin, serial_ice_m,
          v_misc_25, hangedman_vaults_locks, vaults_dpeg_ring,
          layout_vaults_chaotic_city, serial_shops, shop_statue
Vaults:2: v_misc_33, v_misc_8, nicolae_vaults_disjoint_gnomons,
          ontoclasm_vaults_ring_large, v_misc_22, hangedman_vaults_pinch,
          nicolae_vaults_little_squares_1, nicolae_vaults_asterisk,
          ontoclasm_vaults_hangar, nicolae_vaults_network_quinsquares
          [nicolae_vaults_network_quincunx_subvault,
          nicolae_vaults_network_quincunx_subvault,
          nicolae_vaults_network_quincunx_subvault,
          nicolae_vaults_network_quincunx_subvault], hangedman_vaults_slice,
          layout_vaults_omnicross, serial_shops, shop, uniq_asterion,
          uniq_donald
Vaults:3: nicolae_vaults_know_your_exits, nicolae_vaults_little_squares_3,
          ontoclasm_vaults_bender, vaults_room_ringed_pool,
          hangedman_vaults_stagger, v_rooms_2, ontoclasm_vaults_tryst,
          v_misc_13, vaults_mumra_hex, vaults_dpeg_cross,
          nicolae_vaults_yaktaur_gun_rack, layout_vaults_quadrants, uniq_boris
Vaults:4: ebering_ghost_inner_flame, v_misc_19, nicolae_vaults_specimen_jars,
          nicolae_vaults_back_hallway, nicolae_vaults_puzzle_piece,
          hangedman_vaults_cutoff, vaults_mumra_minichess_inversion, v_misc_31,
          ontoclasm_vaults_hangar, nicolae_vaults_asterisk,
          ontoclasm_vaults_ring_small, vaults_dpeg_encased_lava, v_misc_4,
          nicolae_vaults_rhombus_6, layout_vaults_ring, serial_glass,
          serial_shops, nicolae_shop_temple_entry_statues_fountains,
          nicolae_shop_overgrown_old_shop, nicolae_shop_crystal
Vaults:5
Crypt:1:  layout_misc_corridors, mu_enter_wizlab_2
Crypt:2:  lemuel_vampire_tower, layout_misc_corridors
Crypt:3:  evilmike_haunted_forest
Depths:1: layout_basic, hellmouth_3, minmay_crystal_room, minmay_starry_boxes,
          minmay_shop_grove
Depths:2: minmay_polygon_palace, layout_gridlike, enter_ziggurat_b, hell_entry,
          rand_demon_pan_entry_8, serial_glass, glass_columns_a,
          glass_columns_a, glass_columns_a, glass_columns_a, glass_columns_b,
          glass_columns_a, nrook_mini_vaults, infiniplex_staircase_zigzag_1,
          uniq_nikola
Depths:3: vault_1, layout_cave_pools, serial_shops, nicolae_take_the_stairs,
          minmay_room_of_horrors, pan_entry, hangedman_tar_grid_catacomb,
          amcnicky_mini_corridor_feature, kennysheep_generic_room_4
Depths:4: grunt_zot_entry_funnels, layout_twisted_cross,
          grunt_hell_entry_dis_old, grunt_dithmenos_smoke_and_mirrors,
          uniq_saint_roka
Hell
Zot:1:    layout_cellular_growth
Zot:2:    layout_concentric_octagons, st_single_dragon_hoard_3,
          grunt_ministairs_3
Zot:3:    minmay_elemental_castle, layout_twisted_circle
Zot:4:    layout_misc_corridors
Zot:5:    layout_cathedral_of_symmetry, st_stairs_2
Zig:13

Skill      XL: |  1  2  3  4  5  6  7  8  9 10 11 12 13 14 15 16 17 18 19 20 21 22 23 24 25 26 27 |
---------------+----------------------------------------------------------------------------------+-----
Fighting       | 1 2 3 4 5 6 7 8 9 10 11 12 13 17 | 17.0
Dodging        | 3 4 5 6 7 8 9 10 11 12 13 15 | 15.0
Summonings     | 5 6 7 8 9 10 11 12 13 14 15 16 26 | 26.1
Stealth        | 3 4 6 7 8 9 10 11 12 14 15 18 22 27 | 27.0
Shields        | 1 3 5 6 7 8 9 10 11 12 13 15 | 15.0
Air Magic      | 1 2 4 6 7 |  7.0
Hexes          | 1 2 |  2.0
Spellcasting   | 3 4 5 6 7 8 9 10 11 12 17 | 17.0
Evocations     | 3 4 5 6 7 8 |  8.0
Conjurations   | 3 5 7 8 9 10 12 13 14 15 16 17 22 | 22.0
Fire Magic     | 3 5 7 8 9 10 17 | 17.5
Polearms       | 1 4 6 7 9 11 12 | 12.3
Poison Magic   | 2 |  2.0
Short Blades   | 2 |  2.0
Earth Magic    | 6 10 11 13 14 15 | 15.0
Transmutations | 2 8 10 11 | 11.0
Long Blades    | 2 3 |  3.2
Necromancy     | 1 |  1.0
Translocations | 2 9 12 | 12.0

Action                   |  1- 3 |  4- 6 |  7- 9 | 10-12 | 13-15 | 16-18 | 19-21 | 22-24 | 25-27 || total
-------------------------+-------+-------+-------+-------+-------+-------+-------+-------+-------++-------
Melee: Whip              |     9 |       |       |       |       |       |       |       |       ||     9
       Tentacles         |     3 |     2 |    11 |     5 |    19 |    38 |   243 |   489 |   939 ||  1749
       Constrict         |     4 |     3 |    13 |     3 |    15 |    21 |    75 |   131 |   322 ||   587
       Dagger            |       |     2 |       |     2 |     7 |     7 |       |       |       ||    18
       Trident           |       |    28 |    88 |    41 |       |       |       |       |       ||   157
       Punch             |       |       |       |     1 |     1 |     3 |    16 |    42 |    74 ||   137
       Demon trident     |       |       |       |     7 |   198 |   238 |   291 |       |       ||   734
       Falchion          |       |       |       |       |       |       |    54 |       |       ||    54
       Lance             |       |       |       |       |       |       |   391 |  1460 |  2919 ||  4770
       Kick              |       |       |       |       |       |       |       |       |   786 ||   786
Throw: Dart              |       |       |     2 |    17 |    13 |     3 |     2 |     1 |       ||    38
       Throwing net      |       |       |       |       |       |     1 |       |       |       ||     1
 Cast: Summon Small Mamm |    22 |    13 |     2 |     1 |     3 |       |       |       |       ||    41
       Call Imp          |    15 |    22 |    41 |     2 |       |       |       |       |       ||    80
       Call Canine Famil |       |     7 |    84 |    51 |   122 |    66 |       |       |       ||   330
       Summon Guardian G |       |       |    16 |    47 |   115 |    57 |       |       |       ||   235
       Summon Lightning  |       |       |       |    69 |   199 |   135 |   113 |    28 |     9 ||   553
       Sticky Flame      |       |       |       |       |    40 |     2 |       |       |       ||    42
       Swiftness         |       |       |       |       |     2 |     1 |     1 |     1 |     2 ||     7
       Mephitic Cloud    |       |       |       |       |     4 |     7 |       |       |       ||    11
       Starburst         |       |       |       |       |     3 |    76 |    22 |    79 |    20 ||   200
       Spellforged Servi |       |       |       |       |       |   115 |   128 |    83 |   173 ||   499
       Iron Shot         |       |       |       |       |       |    25 |    14 |    50 |    47 ||   136
       Statue Form       |       |       |       |       |       |    56 |   118 |   148 |   391 ||   713
       Malign Gateway    |       |       |       |       |       |       |       |    25 |    89 ||   114
       Blink             |       |       |       |       |       |       |       |     2 |     4 ||     6
       Apportation       |       |       |       |       |       |       |       |       |     1 ||     1
       Summon Horrible T |       |       |       |       |       |       |       |       |   131 ||   131
       Dragon's Call     |       |       |       |       |       |       |       |       |    90 ||    90
       Lehudib's Crystal |       |       |       |       |       |       |       |       |    32 ||    32
       Ignition          |       |       |       |       |       |       |       |       |    15 ||    15
Invok: Potion Petition   |       |       |       |     1 |     2 |     6 |     1 |     5 |    11 ||    26
       Call Merchant     |       |       |       |       |     1 |     3 |       |       |       ||     4
       Bribe Branch      |       |       |       |       |       |       |       |       |     3 ||     3
 Abil: Evoke Blink       |       |       |       |     2 |    16 |     4 |       |       |       ||    22
       End Transformatio |       |       |       |       |       |     1 |       |     2 |     4 ||     7
Evoke: Wand              |       |       |     5 |    10 |    11 |    13 |       |     2 |     3 ||    44
       Box of beasts     |       |       |       |       |     1 |       |       |       |       ||     1
       Lightning rod     |       |       |       |       |       |     6 |       |       |       ||     6
  Use: Scroll            |       |       |    15 |     7 |    17 |    15 |     6 |    13 |    17 ||    90
       Potion            |       |       |     1 |     3 |     7 |     7 |       |     3 |    17 ||    38
 Stab: Distracted        |       |     1 |     2 |     5 |     9 |    16 |    30 |    31 |   140 ||   234
       Sleeping          |       |       |       |     4 |     6 |     9 |    14 |    35 |    58 ||   126
       Paralysed         |       |       |       |     1 |       |       |       |       |     2 ||     3
       Confused          |       |       |       |       |     2 |     1 |       |       |       ||     3
Armor: Skin              |     2 |     2 |     3 |     1 |     5 |    73 |   184 |   533 |  1152 ||  1955
Dodge: Dodged            |    19 |     9 |    57 |    33 |   185 |   255 |   703 |  1034 |  2147 ||  4442
Block: Kite shield       |       |       |    22 |       |    35 |       |   485 |  1127 |  2463 ||  4132
       Buckler           |       |       |    12 |    26 |   174 |   225 |   115 |       |       ||   552
       Reflection        |       |       |       |     5 |    41 |    73 |    54 |    12 |       ||   185
